AoeStats
← Dr. Daniel Jackson

Black Forest

509088212Analyzed
2v2 RM · 8d ago on Sep 25, 2026· 47m 18s· 4 players
Game mode
Random Map
Map size
Medium (4 player)
Population
200
Speed
Normal
Resources
Standard
Victory
Conquest
Starting age
Dark Age
Ending age
Imperial Age
RankedLock teamsTeams togetherTeam positionsShared explorationLock speedFull tech treeHidden civsTurbo modeCheats
Victory
Defeat
🇨🇱 Mongols · Chile
654
+16
🇵🇱 Sicilians · Poland
654
+16
🇦🇺 Teutons · Australia
726
-25
🇨🇦 Franks · Canada
583
-13
mati207869
2:49 Loom
10:45 Feudal Age
14:48 Double-Bit Axe
18:28 Horse Collar
24:28 Castle Age
22:55 Gold Mining
22:56 Stone Mining
23:16 Scale Barding Armor
32:03 Imperial Age
32:12 Capped Ram
34:10 Conscription
39:26 Caravan
44:51 Elite Mangudai
Skye
11:17 Feudal Age
15:06 Gold Mining
22:52 Castle Age
21:07 Double-Bit Axe
21:03 Horse Collar
21:44 Scale Mail Armor
21:59 Forging
30:04 Heavy Plow
38:15 Bow Saw
FortifiedChicken
0:42 Loom
14:10 Feudal Age
19:35 Double-Bit Axe
23:34 Town Watch
24:24 Wheelbarrow
27:38 Castle Age
25:39 Gold Mining
25:42 Fletching
27:25 Stone Mining
27:26 Gold Mining
29:30 Hand Cart
29:20 Bodkin Arrow
30:20 Squires
29:40 Pikeman
30:06 Arson
31:24 Scale Mail Armor
31:35 Forging
31:30 Pikeman
40:12 Scale Mail Armor
42:23 Iron Casting
42:04 Chain Mail Armor
42:11 Bow Saw
42:38 Gold Shaft Mining
45:23 Murder Holes
45:33 Murder Holes
45:12 Ordonnance Companies
46:23 Masonry
Dr. Daniel Jackson
14:06 Feudal Age
14:43 Town Watch
15:34 Wheelbarrow
14:44 Loom
19:17 Double-Bit Axe
19:14 Horse Collar
20:49 Man-at-Arms
27:48 Castle Age
26:26 Fletching
26:58 Forging
26:49 Scale Mail Armor
28:30 Crossbowman
29:15 Squires
29:00 Gambesons
29:21 Heavy Plow
29:39 Bow Saw
31:00 Town Patrol
31:36 Fervor
32:30 Long Swordsman
34:29 Bodkin Arrow
35:11 Iron Casting
35:34 Long Swordsman
35:35 Pikeman
35:38 Elite Skirmisher
38:51 Hand Cart
40:13 Chain Mail Armor
39:59 Padded Archer Armor
40:00 Arson
40:10 Arson
43:19 Ballistics
43:12 Fortified Wall
48:37 Imperial Age
Connection lost

Rejoining the realm…

Still unreachable

The connection could not be restored.

Session expired

The server has moved on; the page needs a fresh start.